 Dungeon Crawl Stone Soup version 0.21.0-24-g2553a33 (webtiles) character file.

110 MenacingMecha the Poker (level 4, -2/49 HPs)
             Began as a Merfolk Gladiator on Jan 21, 2018.
             Slain by Natasha (3 damage)
             ... on level 2 of the Dungeon.
             The game lasted 00:03:59 (1705 turns).

MenacingMecha the Poker (Merfolk Gladiator)         Turns: 1705, Time: 00:03:59

Health: -2/49      AC: 22    Str: 17    XL:     4   Next: 91%
Magic:  4/4        EV:  2    Int: 12    God:
Gold:   63         SH:  0    Dex: 16    Spells: 3/3 levels left

rFire    . . .     SeeInvis .   a - +0 trident
rCold    . . .     Gourm    .   (no shield)
rNeg     + + +     Faith    .   (armour currently unavailable)
rPois    +         Spirit   .   (helmet currently unavailable)
rElec    .         Reflect  .   (cloak currently unavailable)
rCorr    .         Harm     .   (gloves currently unavailable)
MR       .....     NoTele   +   (boots currently unavailable)
Stlth    +.........             (no amulet)
HPRegen  0.16/turn              o - +1 ring of slaying
MPRegen  0.09/turn              l - +3 ring of strength

@: brilliant, tree-form, slowed, very slow
A: (change form in water), (swift swim), (stealthy swim)
a: no special abilities


You were on level 2 of the Dungeon.
You were not hungry.
You were a tree.
You visited 1 branch of the dungeon, and saw 2 of its levels.

You collected 63 gold pieces.

Inventory:

Hand Weapons
 a - a +0 trident (weapon)
Missiles
 d - 3 throwing nets
 k - 111 stones (quivered)
Armour
 b - a +0 leather armour (melded)
 c - a +0 helmet (melded)
Jewellery
 i - an uncursed ring of protection from cold
 j - an uncursed ring of ice
 l - a +3 ring of strength (right branch)
 o - a +1 ring of slaying (left branch)
 p - an uncursed ring of fire
 r - an uncursed ring of resist corrosion
Scrolls
 e - a scroll of remove curse
 m - a scroll of enchant weapon {unknown}
 n - a scroll of amnesia {unknown}
Comestibles
 f - 4 rations
 g - 3 chunks of flesh


   Skills:
 - Level 2.1 Fighting
 + Level 7.9 Polearms
 - Level 2.0 Throwing
 - Level 4.0 Dodging


You had 3 spell levels left.
You didn't know any spells.

Dungeon Overview and Level Annotations

Branches:
Dungeon (2/15)

Altars:
Dithmenos

Annotations:
D:2 Natasha


Message History

Natasha claws you but does no damage.
The iron imp hits you but does no damage.
Some of the chunks of flesh in your inventory have rotted away.
You barely miss Natasha.
Natasha is lightly wounded.
Natasha claws you.
* * * LOW HITPOINT WARNING * * *
The iron imp hits you but does no damage.
Natasha claws you but does no damage.
You hit Natasha.
Natasha is moderately wounded.
The iron imp hits you but does no damage.
The crimson imp blinks!
Natasha claws you but does no damage.
You hit Natasha.
Natasha is heavily wounded.
The iron imp hits you but does no damage.
Natasha drinks a potion.
Natasha is healed!
The iron imp hits you but does no damage.
You closely miss Natasha. Natasha claws you.
You die...

#..........##.............##
#####......##...............
#......##...............
#......##...............
#......##...............
#.#'###.................
#.#.# #.......#####.....
#.#.# #......######...##
#.#.###♣.....##.........
..#...#5h.............##
#.#...'5..............##
###..÷##'####.........##
........##.# ##........##
........##.# #........##
.......###'# #.....#####
....... .. ......+....
####### ...........#####


You could see an iron imp, Natasha and a shadow imp.

Vanquished Creatures
  Natasha (D:2)
  Robin (D:2)
  An adder (D:2)
  A worm (D:2)
  4 dart slugs
  A leopard gecko (D:2)
  2 giant cockroaches
  14 goblins
  6 hobgoblins
  5 jackals
  4 bats
  3 frilled lizards (D:1)
  5 kobolds
  5 rats
53 creatures vanquished.

Notes
Turn   | Place    | Note
-------+----------+-------------------------------------------
     0 | D:1      | MenacingMecha the Merfolk Gladiator began the quest for the Orb.
     0 | D:1      | Reached XP level 1. HP: 16/16 MP: 1/1
   169 | D:1      | Reached skill level 5 in Polearms
   172 | D:1      | Reached XP level 2. HP: 17/22 MP: 2/2
   959 | D:2      | Noticed Robin
   970 | D:2      | Reached skill level 6 in Polearms
   970 | D:2      | Reached XP level 3. HP: 27/27 MP: 3/3
   982 | D:2      | Killed Robin
  1076 | D:2      | Reached XP level 4. HP: 30/33 MP: 4/4
  1078 | D:2      | Reached skill level 7 in Polearms
  1612 | D:2      | Noticed Natasha
  1615 | D:2      | Killed Natasha
  1637 | D:2      | Found a shadowy altar of Dithmenos.
  1684 | D:2      | Noticed Natasha
  1697 | D:2      | HP: 1/33 [iron imp[Natasha] (2)]
  1702 | D:2      | HP: 1/49 [Natasha (1)]
  1705 | D:2      | Slain by Natasha

Skill      XL: |  1  2  3  4 |
---------------+-------------+-----
Polearms       | 5 6 7 |  7.9
Fighting       | |  2.1
Throwing       | |  2.0
Dodging        | |  4.0

Action                   |  1- 3 |  4- 6 || total
-------------------------+-------+-------++-------
Melee: Trident           |    91 |    58 ||   149
Throw: Stone             |     6 |    12 ||    18
  Use: Potion            |       |     2 ||     2
       Scroll            |       |     1 ||     1
 Stab: Sleeping          |     3 |       ||     3
  Eat: Chunk             |       |     3 ||     3
Armor: Leather armour    |    29 |     5 ||    34
       Skin              |       |     9 ||     9
Dodge: Dodged            |    54 |    26 ||    80
